 Dungeon Crawl Stone Soup version 0.28-a0-1616-g050a50673c (webtiles) character file.

Game seed: 4658778524411352311

282 issech the Cudgeller (level 6, 0/61 HPs)
             Began as a Troll Berserker on Jan 22, 2022.
             Was a Believer of Trog.
             Slain by an orc (4 damage)
             ... on level 4 of the Dungeon.
             The game lasted 00:10:57 (3458 turns).

issech the Cudgeller (Troll Berserker)              Turns: 3458, Time: 00:10:58

Health: 0/61       AC:  5    Str: 26    XL:     6   Next: 6%
Magic:  0/5        EV: 11    Int:  3    God:    Trog [**....]
Gold:   165        SH:  0    Dex: 17    Spells: 5/5 levels left

rFire   . . .      SeeInvis .   a - +0 mace
rCold   . . .      Faith    .   (no shield)
rNeg    . . .      Spirit   .   b - +1 animal skin
rPois   .          Reflect  .   (helmet restricted)
rElec   .          Harm     .   g - scarf {+Inv}
rCorr   .          Rampage  .   (gloves unavailable)
Will    .....                   (boots unavailable)
Stlth   ++........              (no amulet)
HPRegen 1.00/turn               w - +6 ring of dexterity
MPRegen 0.09/turn               (no ring)

@: on berserk cooldown, slowed, very slow
A: large, unfitting armour, claws 3, regeneration 1, shaggy fur 1, tough skin 1
a: Renounce Religion, Evoke Invisibility, Berserk, Trog's Hand


You were on level 4 of the Dungeon.
You worshipped Trog.
Trog was pleased with you.
You visited 1 branch of the dungeon, and saw 5 of its levels.

You collected 165 gold pieces.

Inventory:

Hand Weapons
 a - a +0 mace (weapon)
 c - a +3 short sword
Missiles
 d - 49 stones (quivered)
 n - 31 arrows
 o - 2 atropa-tipped darts
 r - 4 curare-tipped darts
Armour
 b - a +1 animal skin (worn)
 g - a scarf of invisibility (worn)
Magical Staves
 v - a staff of air
Jewellery
 w - a +6 ring of dexterity (left claw)
Wands
 y - a wand of flame (9)
Scrolls
 m - a scroll of teleportation
Potions
 h - 2 potions of attraction
 i - 3 potions of brilliance
 s - 2 potions of heal wounds


   Skills:
 + Level 3.4 Fighting
 + Level 4.3 Maces & Flails
 + Level 3.5 Dodging
 + Level 1.0 Stealth


You had 5 spell levels left.
You didn't know any spells.
Your spell library contained the following spells:

 Spells                   Type           Power      Damage    Failure   Level
 Pain                     Necr           0%         1d4       52%         1
 Tukima's Dance           Hex            0%         N/A       88%         3
 Passage of Golubria      Tloc           0%         N/A       99%         4
 Agony                    Necr           0%         N/A       100%        5
 Excruciating Wounds      Necr           0%         N/A       100%        5
 Yara's Violent Unravell  Hex/Tmut       0%         3d3       100%        5


Dungeon Overview and Level Annotations

Branches:
Dungeon (5/15)
 Temple: D:4-7

Altars:
Sif Muna
Yredelemnul


Innate Abilities, Weirdness & Mutations

You are too large for most types of armour.
You have claws for hands.
Your natural rate of healing is unusually fast.
You are covered in fur. (AC +1)
You have tough skin. (AC +1)


Message History

You feel your power leaking away.
The gnoll hits you from afar with a +0 spear.
The gnoll sergeant hits you with a +0 antimagic spear.
You climb upwards.
There is a stone staircase leading down here.
You hit the orc.
The orc is lightly wounded.
The orc hits you with a +0 club.
The gnoll sergeant hits you with a +0 antimagic spear!
You feel your power leaking away. The orc hits you but does no damage.
You hit the orc.
The orc is severely wounded.
The gnoll sergeant hits you with a +0 antimagic spear!
The orc barely misses you. The gnoll sergeant barely misses you.
The orc barely misses you.
You barely miss the orc.
The orc is severely wounded.
The gnoll sergeant closely misses you. The orc barely misses you.
The gnoll sergeant hits you with a +0 antimagic spear!
The orc hits you with a +0 club.
You sock the gnoll sergeant!
The gnoll sergeant is moderately wounded.
The gnoll sergeant hits you with a +0 antimagic spear!
* * * LOW HITPOINT WARNING * * *
The orc hits you with a +0 club.
* * * LOW HITPOINT WARNING * * *
The gnoll sergeant hits you with a +0 antimagic spear!
* * * LOW HITPOINT WARNING * * *
The orc misses you.
You hit the gnoll sergeant.
The gnoll sergeant is heavily wounded.
The gnoll sergeant hits you with a +0 antimagic spear.
* * * LOW HITPOINT WARNING * * *
The orc barely misses you.
You barely miss the gnoll sergeant.
The gnoll sergeant is heavily wounded.
The gnoll sergeant hits you but does no damage.
The orc hits you with a +0 club.
You die...

#......'...>.#.....#.......#...
#......#.....#.....#.......#...
#......#.....#.....##...####..#
#......#.....#......#...####..#
#......#.....#......#.........#
#......#.....#......'.........#
#......#.....#......#.........#
#......#.....#.g....#.........#
#......#.....#@o....###########
#......#.....######............
#......#......'...#............
#......#......#...#............
#......#......#...#............
#......#......#...#............
#......#......#...'.......#####
#......#......#...#.......#....
#......#.....##...#.......#....


You could see a gnoll sergeant and an orc.

Vanquished Creatures
  An ice beast (D:5)
  A necrophage (D:4)
  A hound (D:4)
  A gnoll (D:5)
  A worm (D:3)
  4 dart slugs
  7 endoplasms
  6 giant cockroaches
  4 hobgoblins
  4 jackals (D:3)
  6 kobolds
  4 quokkas
  6 ball pythons
  5 bats
  3 frilled lizards
  5 goblins
  5 rats
64 creatures vanquished.

Vanquished Creatures (others)
  4 withered plants (D:3)
4 creatures vanquished.

Grand Total: 68 creatures vanquished

Notes
Turn   | Place    | Note
-------+----------+-------------------------------------------
     0 | D:1      | issech the Troll Berserker began the quest for the Orb.
     0 | D:1      | Reached XP level 1. HP: 22/22 MP: 0/0
   131 | D:1      | Reached XP level 2. HP: 20/29 MP: 1/1
   149 | D:1      | Found a faded altar of an unknown god.
   484 | D:1      | Reached skill level 3 in Maces & Flails
   979 | D:2      | Reached XP level 3. HP: 36/36 MP: 2/2
  1211 | D:2      | Reached ** piety under Trog
  1902 | D:3      | Found a basalt altar of Yredelemnul.
  2301 | D:3      | Found a shimmering blue altar of Sif Muna.
  2515 | D:4      | Reached XP level 4. HP: 43/45 MP: 3/3
  3031 | D:4      | Noticed a necrophage
  3054 | D:4      | Killed a necrophage
  3055 | D:4      | Reached skill level 4 in Maces & Flails
  3055 | D:4      | Reached XP level 5. HP: 53/53 MP: 4/4
  3396 | D:5      | Entered Level 5 of the Dungeon
  3396 | D:5      | Noticed an orc warrior
  3425 | D:5      | Noticed an ice beast
  3437 | D:5      | Killed an ice beast
  3438 | D:5      | Reached skill level 1 in Stealth
  3438 | D:5      | Reached XP level 6. HP: 61/61 MP: 5/5
  3456 | D:4      | HP: 2/61 [gnoll sergeant (8)]
  3458 | D:4      | Slain by an orc

Illustrated notes

Levels and vault maps discovered:
D:1:      saegor_arrival_simple_b, layout_basic, ebering_ecumenical_altar_webs,
          st_stairs_7
D:2:      layout_loops_cross, roderic_roman_lattice
D:3:      layout_basic, lemuel_tele_altar, yredelemnul_altar_generic,
          columned_hall_lemuel
D:4:      layout_gridville
D:5:      layout_rooms, nicolae_hepliaklqana_hazy_memory, zin_angel,
          minmay_misc_feat_nine_boxes, uniq_eustachio, uniq_edmund

Skill      XL: |  1  2  3  4  5 |
---------------+----------------+-----
Maces & Flails | 3 4 |  4.3
Dodging        | 3 |  3.5
Fighting       | 3 |  3.4
Stealth        | 1 |  1.0

Action                   |  1- 3 |  4- 6 || total
-------------------------+-------+-------++-------
Melee: Mace              |   152 |    41 ||   193
       Punch             |     5 |       ||     5
Invok: Berserk           |       |     2 ||     2
  Use: Scroll            |       |     9 ||     9
       Potion            |       |     5 ||     5
 Stab: Sleeping          |     1 |     1 ||     2
Armor: Animal skin       |    65 |     9 ||    74
Dodge: Dodged            |    93 |    30 ||   123

Table legend: (Time is in decaauts)
 A = Elapsed time spent in this place.
 B = Non-inter-level travel time spent in this place.
 C = Inter-level travel time spent in this place.
 D = Time resting spent in this place.
 E = Time spent auto-exploring this place.
 F = Levels seen in this place.
 G = Mean time per level.
                   A        B        C        D        E       F      G
               +--------+--------+--------+--------+--------+-----+--------+
         Total |   3527 |   3373 |    154 |    162 |   1937 |   5 |  705.4 |
       Dungeon |   3527 |   3373 |    154 |    162 |   1937 |   5 |  705.4 |
               +--------+--------+--------+--------+--------+-----+--------+

Top non-repeatable levels by time:
     D:4: 948 daAuts
     D:3: 921 daAuts
     D:1: 912 daAuts
     D:2: 707 daAuts
     D:5: 36 daAuts
